 Dungeon Crawl Stone Soup version 0.24.1-14-gf8d2b509d9 (console) character file.

Game seed: 5954710536881044373, levelgen mode: deterministic

205051 Kagalorn the Fighter (level 18, -2/146 HPs)
             Began as a Gnoll Wanderer on Mar 9, 2021.
             Was the Champion of Ashenzari.
             Killed from afar by Mara (19 damage)
             ... with a bolt of fire
             ... on level 3 of the Spider Nest on Mar 10, 2021.
             The game lasted 02:03:08 (38210 turns).

Kagalorn the Fighter (Gnoll Wanderer)              Turns: 38210, Time: 02:03:08

Health: -2/146     AC: 24    Str: 29    XL:     18   Next: 67%
Magic:  0/11       EV: 15    Int: 21    God:    Ashenzari [******]
Gold:   2247       SH: 15    Dex: 17    Spells: 25/41 levels left

rFire    + . .     SeeInvis +   I - +2 broad axe (antimagic)
rCold    + . .     Gourm    .   Y - +0 shield {rC+} (curse)
rNeg     + . .     Faith    .   B - +4 plate armour {rF+}
rPois    +         Spirit   +   V - +0 helmet {Int+3} (curse)
rElec    +         Reflect  .   n - scarf {Spirit}
rCorr    .         Harm     .   b - +0 pair of gloves {Str+3} (curse)
MR       ++...     Clarity  +   d - +0 pair of boots of Mepayro {Str+2 Int+3}
Stlth    +.........             Z - amulet of regeneration (curse)
HPRegen  0.74/turn              U - ring "Roupuiq" {rElec rPois rN+ Str+4}
MPRegen  0.12/turn              o - ring of protection from magic

@: no status effects
A: distributed training, fangs 1, strong nose
}: 1/15 runes: decaying
a: Curse Item, Scrying, Renounce Religion


You were on level 3 of the Spider Nest.
You worshipped Ashenzari.
Ashenzari was exalted by your worship.
You were hungry.

You visited 6 branches of the dungeon, and saw 31 of its levels.
You also visited: Gauntlet, Ice Cave and Volcano.

You collected 3183 gold pieces.
You spent 936 gold pieces at shops.

Inventory:

Hand Weapons
 a - a +2 broad axe of flaming
 I - a +2 antimagic broad axe (weapon)
Missiles
 l - 3 javelins
 y - a throwing net
 E - 7 boomerangs (quivered)
 W - 17 silver javelins
Armour
 b - a cursed +0 pair of gloves of strength (worn)
 d - the +0 pair of boots of Mepayro (worn) {Str+2 Int+3}
   (You found it on level 1 of the Spider Nest)

   It affects your strength (+2).
   It affects your intelligence (+3).
 n - a scarf of spirit shield (worn)
 B - a +4 plate armour of fire resistance (worn)
 M - a +0 shield of reflection
 V - a cursed +0 helmet of intelligence (worn)
 Y - a cursed +0 shield of cold resistance (worn)
Jewellery
 o - a ring of protection from magic (right hand)
 G - an uncursed ring of positive energy
 H - an uncursed ring of protection from magic
 O - a +2 ring of evasion
 Q - a +2 ring of protection
 S - an uncursed ring of protection from fire
 U - the ring "Roupuiq" (left hand) {rElec rPois rN+ Str+4}
   (You found it in a Gauntlet)

   [ring of positive energy]

   It affects your strength (+4).
   It insulates you from electricity.
   It protects you from poison.
   It protects you from negative energy.
 Z - a cursed amulet of regeneration (around neck)
Wands
 m - a wand of acid (31)
 r - a wand of polymorph (22)
 v - a wand of digging (11)
 J - a wand of iceblast (36)
 X - a wand of paralysis (15)
Scrolls
 c - 7 scrolls of teleportation
 h - 15 scrolls of identify
 i - 10 scrolls of remove curse
 q - 6 scrolls of blinking
 u - 8 scrolls of fear
 A - 4 scrolls of enchant weapon
 D - 3 scrolls of enchant armour
 K - 5 scrolls of amnesia
 L - 4 scrolls of magic mapping
 P - a scroll of fog
Potions
 e - a potion of invisibility
 g - 6 potions of curing
 j - 8 potions of mutation
 p - 11 potions of haste
 s - 2 potions of cancellation
 t - 2 potions of berserk rage
 w - 6 potions of flight
 x - 12 potions of might
 z - 7 potions of brilliance
 C - 4 potions of heal wounds
 F - 4 potions of magic
 N - a potion of agility
 R - 3 potions of resistance
Comestibles
 f - 26 rations


   Skills:
 + Level 14.3 Fighting
 + Level 12.1 Short Blades
 + Level 12.1 Long Blades
 + Level 12.1 Axes
 + Level 12.1 Maces & Flails
 + Level 12.1 Polearms
 + Level 12.4 Staves
 + Level 12.1 Slings
 + Level 12.1 Bows
 + Level 12.1 Crossbows
 + Level 12.1 Throwing
 + Level 12.1 Armour
 + Level 12.1 Dodging
 + Level 14.0 Stealth
 + Level 12.4(15.0) Shields
 + Level 12.1 Unarmed Combat
 + Level 12.1 Spellcasting
 + Level 10.4 Conjurations
 + Level 10.4 Hexes
 + Level 10.4 Charms
 + Level 10.4 Summonings
 + Level 10.4 Necromancy
 + Level 10.4 Translocations
 + Level 10.4 Transmutations
 + Level 10.4 Fire Magic
 + Level 10.4 Ice Magic
 + Level 10.4 Air Magic
 + Level 10.4 Earth Magic
 + Level 10.4 Poison Magic
 + Level 13.1 Invocations
 + Level 12.1 Evocations


You had 25 spell levels left.
You knew the following spells:

 Your Spells              Type           Power        Failure   Level  Hunger
b - Petrify               Tmut/Erth      ######..     4%          4    None
c - Statue Form           Tmut/Erth      ######...    58%         6    #####..
d - Invisibility          Hex            ######..     58%         6    #####..

Your spell library contained the following spells:

 Spells                   Type           Power        Failure   Level  Hunger
 Animate Skeleton         Necr           N/A          1%          1    None
 Apportation              Tloc           ######       1%          1    None
 Confusing Touch          Hex            ######       1%          1    None
 Corona                   Hex            ######.      1%          1    None
 Flame Tongue             Conj/Fire      #####        1%          1    None
 Infusion                 Chrm           ####         1%          1    None
 Pain                     Necr           ####         1%          1    None
 Summon Butterflies       Summ           ######..     1%          1    None
 Summon Small Mammal      Summ           ####         1%          1    None
 Corpse Rot               Necr           N/A          1%          2    None
 Ensorcelled Hibernation  Hex/Ice        ######       1%          2    None
 Passwall                 Tmut/Erth      ######..     1%          2    None
 Shroud of Golubria       Chrm/Tloc      ######       1%          2    None
 Slow                     Hex            ######..     1%          2    None
 Song of Slaying          Chrm           ######..     1%          2    None
 Swiftness                Chrm/Air       ######..     1%          2    None
 Throw Flame              Conj/Fire      ######       1%          2    None
 Call Canine Familiar     Summ           ######..     1%          3    None
 Confuse                  Hex            ######..     1%          3    None
 Conjure Flame            Conj/Fire      ######..     1%          3    None
 Dazzling Spray           Conj/Hex       ######       1%          3    None
 Inner Flame              Hex/Fire       ######..     1%          3    None
 Portal Projectile        Hex/Tloc       ######       1%          3    None
 Regeneration             Chrm/Necr      ######....   1%          3    None
 Spectral Weapon          Hex/Chrm       ######..     1%          3    None
 Static Discharge         Conj/Air       ######..     1%          3    None
 Tukima's Dance           Hex            ######..     1%          3    None
 Vampiric Draining        Necr           ######....   1%          3    None
 Animate Dead             Necr           N/A          4%          4    None
 Cause Fear               Hex            ######....   4%          4    None
 Ice Form                 Ice/Tmut       ######..     4%          4    None
 Leda's Liquefaction      Hex/Erth       ######....   4%          4    None
 Passage of Golubria      Tloc           N/A          4%          4    None
 Sticky Flame             Conj/Fire      ######..     4%          4    None
 Summon Ice Beast         Ice/Summ       ######..     4%          4    None
 Bolt of Magma            Conj/Fire/Erth ######....   14%         5    ####...
 Fireball                 Conj/Fire      ######....   14%         5    ####...
 Irradiate                Conj/Tmut      ######....   14%         5    ####...
 Lee's Rapid Deconstruct  Erth           ######....   14%         5    ####...
 Summon Mana Viper        Hex/Summ       ######..     14%         5    ####...
 Yara's Violent Unravell  Hex/Tmut       ######....   14%         5    ####...
 Conjure Ball Lightning   Conj/Air       ######....   58%         6    #####..
 Darkness                 Hex            ######....   58%         6    #####..
 Deflect Missiles         Chrm/Air       ######....   58%         6    #####..
 Iron Shot                Conj/Erth      ######....   58%         6    #####..
 Orb of Destruction       Conj           ######....   99%         7    #######
 Ring of Flames           Chrm/Fire      ######....   99%         7    #######
 Summon Hydra             Summ           ######....   99%         7    #######
 Shatter                  Erth           ######....   100%        9    #######


Dungeon Overview and Level Annotations

Branches:
Dungeon (15/15)            Temple (1/1) D:5            Lair (6/6) D:10
  Swamp (4/4) Lair:4       Spider (3/4) Lair:3        Slime (0/5) Lair:5
    Orc (2/2) D:11            Elf (0/3) Orc:2        Vaults (0/5) D:13
 Depths (0/5) D:15          IceCv (visited)         Volcano (visited)
Gauntlet (visited)

Altars:
Ashenzari
Cheibriados
Dithmenos
Elyvilon
Fedhas
Gozag
Hepliaklqana
Kikubaaqudgha
Makhleb
Nemelex Xobeh
Okawaru
Qazlal
Ru
Sif Muna
Trog
Uskayaw
Vehumet
Wu Jian
Xom
Yredelemnul
Zin
The Shining One
Beogh
Jiyva

Shops:
D:9 !   D:11 [   D:13 (   Orc:1 *   Orc:2 (*((

Annotations:
D:15 Roxanne
Spider:3 Mara


Innate Abilities, Weirdness & Mutations

Your experience applies equally to all skills.
You have very sharp teeth.
Your uncanny sense of smell can sniff out nearby items.


Message History

Mara is heavily wounded.
You block Mara's attack.
You slash Mara!
Mara's magic leaks into the air.
Mara is severely wounded.
Mara gestures.
There is a horrible, sudden wrenching feeling in your soul!
You slash Mara!
Mara's magic leaks into the air.
You bite Mara.
Mara is severely wounded.
Mara hits you with a +6 demon blade of electrocution!
* * * LOW HITPOINT WARNING * * *
Casting: Petrify (safe; 4% risk of failure)
Confirm with . or Enter, or press ? or * to list all spells.
Okay, then.
Unknown command.
Okay, then.
As you read the scroll of summoning, it crumbles to dust.
Wisps of shadow whirl around you... Mara gestures at you.
The bolt of fire hits you!! You resist.
You die...

#[..).^@...[#.#..##.#..
##..#.))...##...##.)..#
##.^##'######..#.#...[.
#..)#...#......^...^##.
#...8^^^'............#.
#...#...#.........#.##.
##..##'######........#.
##..#s^†..s##.#.....^..
#[..).@R@..[###^#.#.#^>
##..#ss.s^.## ###......
#####^s.##### ##...>#
#..s# ###..# #...# ####
##[## #####


You could see Mara, Kagalorn's illusion, a friendly orb spider, a friendly
jumping spider and 5 friendly redbacks.

Vanquished Creatures
  A bone dragon (Swamp:4)
  A thorn hunter (Swamp:3)
  Donald (Spider:2)
  A frost giant (IceCv)
  A ghost moth (Spider:1)
  Louise (Swamp:1)
  An emperor scorpion (Spider:3)
  3 very ugly things
  A stone giant (Orc:1)
  4 entropy weavers
  5 dire elephants (Lair:6)
  A minotaur (Gauntlet)
  A spark wasp (Spider:3)
  2 ettins (D:11)
  4 vault guards (D:13)
  A yaktaur captain (D:15)
  16 hydras
  A shambling mangrove (Swamp:3)
  7 ghost crabs
  19 two-headed ogres
  Erica (D:8)
  12 alligators
  An anaconda (Lair:6)
  5 ogre magi
  3 centaur warriors
  7 dancing weapons (Spider:3)
  5 death yaks (Lair:6)
  The ghost of Voland the Destroyer, a journeyman GrWz of Vehumet (Lair:1)
  A tengu warrior (D:15)
  Urug (Lair:6)
  3 unseen horrors
  6 fire crabs
  3 swamp dragons
  A spriggan druid (Swamp:3)
  3 spectral hydras (Swamp:4)
  A deep elf archer (D:13)
  A phantasmal warrior (Swamp:4)
  4 orc knights
  An orc sorcerer (D:13)
  Pikel (D:4)
  14 wolf spiders
  8 ugly things
  8 orb spiders
  2 salamanders (Volcano)
  19 cyclopes
  A manticore (D:11)
  3 deep elf magi
  Maurice (D:13)
  A moth of wrath (Spider:3)
  16 elephants
  6 black mambas
  An ice statue (IceCv)
  Joseph (D:7)
  4 torpor snails
  2 gargoyles
  14 spiny frogs
  10 demonic crawlers
  A freezing wraith (D:10)
  3 swamp worm zombies (Swamp:4)
  3 rime drakes
  An efreet (Gauntlet)
  7 komodo dragons
  3 meliai (D:15)
  17 polar bears (IceCv)
  A tengu conjurer (D:13)
  3 hydra zombies (Swamp:4)
  16 jumping spiders
  7 trolls
  Grinder (D:5)
  8 tyrant leeches
  8 hornets
  11 blink frogs
  16 slime creatures
  3 spectral swamp dragons (Swamp:4)
  6 dream sheep (Lair:5)
  10 hippogriffs
  6 bog bodies
  2 centaur simulacra (D:14)
  4 alligator zombies (Swamp:4)
  39 redbacks
  4 shadows
  5 spriggans
  20 tarantellas
  2 vampires
  2 wyverns
  38 yaks
  A human (D:13)
  2 basilisks
  A fire elemental (Gauntlet)
  A fire bat (Volcano)
  24 vampire mosquitoes
  4 hungry ghosts
  4 wargs
  12 swamp worms
  23 insubstantial wisps
  17 water moccasins
  5 hell hounds
  An acid dragon (D:11)
  12 porcupines
  7 ice beasts
  4 slaves (D:4)
  A floating eye (shapeshifter) (D:15)
  A black bear (Lair:3)
  17 orc warriors
  2 sky beasts
  3 phantoms (Swamp:4)
  4 eyes of draining
  4 swamp drakes
  4 swamp dragon zombies (Swamp:4)
  17 centaurs
  37 ogres
  17 wolves
  7 crocodiles
  25 bullfrogs
  A wyvern skeleton (D:7)
  A water moccasin zombie (D:11)
  3 scorpions
  6 killer bees (D:10)
  15 wights
  11 howler monkeys
  2 electric eels
  9 crimson imps
  2 bullfrog zombies (D:13)
  5 centaur zombies
  6 hounds
  A quasit (D:10)
  8 orc priests
  10 jellies
  15 orc wizards
  3 bullfrog skeletons
  2 centaur skeletons
  Ijyb (D:5)
  5 iguanas
  Terence (D:3)
  8 worker ants
  Natasha (twice) (D:3)
  A spectral swamp drake (Swamp:4)
  2 hound zombies
  A hound skeleton (D:4)
  4 worker ant zombies
  11 gnolls
  A swamp drake zombie (Swamp:4)
  9 adders
  2 shadow imps
  6 oozes
  An adder skeleton (D:7)
  2 worms (D:2)
  2 dart slugs
  5 leopard geckos
  60 orcs
  2 ball pythons
  5 bats
  12 giant cockroaches
  7 goblins
  9 hobgoblins
  4 jackals (D:3)
  3 quokkas
  10 frilled lizards
  13 kobolds
  9 rats
  4 plants (Lair:6)
1050 creatures vanquished.

Vanquished Creatures (collateral kills)
  A salamander (Volcano)
1 creature vanquished.

Vanquished Creatures (others)
  An entropy weaver (Lair:5)
  A two-headed ogre (Volcano)
  A tarantella (Spider:3)
  A swamp worm (Swamp:4)
  3 insubstantial wisps (Swamp:4)
  A phantom (Swamp:4)
  13 fungi
  9 plants
30 creatures vanquished.

Grand Total: 1081 creatures vanquished

Notes
Turn   | Place    | Note
-------+----------+-------------------------------------------
     0 | D:1      | Kagalorn the Gnoll Wanderer began the quest for the Orb.
     0 | D:1      | Kagalorn set off with the following items: a +2
                  | quarterstaff, a potion of lignification, a scroll of
                  | teleportation, a +0 robe, a +0 dagger, a ration
     0 | D:1      | Reached XP level 1. HP: 26/26 MP: 1/1
   114 | D:1      | Reached XP level 2. HP: 30/33 MP: 2/2
   603 | D:2      | Found a faded altar of an unknown god.
   621 | D:2      | Reached XP level 3. HP: 38/38 MP: 3/3
   828 | D:2      | Reached skill level 1 in Invocations
   854 | D:2      | Reached skill level 1 in Short Blades
   854 | D:2      | Reached skill level 1 in Long Blades
   854 | D:2      | Reached skill level 1 in Axes
   854 | D:2      | Reached skill level 1 in Maces & Flails
   854 | D:2      | Reached skill level 1 in Polearms
   854 | D:2      | Reached skill level 1 in Slings
   854 | D:2      | Reached skill level 1 in Bows
   854 | D:2      | Reached skill level 1 in Crossbows
   854 | D:2      | Reached skill level 1 in Throwing
   854 | D:2      | Reached skill level 1 in Armour
   854 | D:2      | Reached skill level 1 in Dodging
   854 | D:2      | Reached skill level 1 in Unarmed Combat
   854 | D:2      | Reached skill level 1 in Spellcasting
   854 | D:2      | Reached skill level 1 in Evocations
   872 | D:2      | Reached XP level 4. HP: 42/45 MP: 5/5
  1002 | D:2      | Found a shattered altar of Ashenzari.
  1024 | D:2      | Became a worshipper of Ashenzari the Shackled
  1213 | D:2      | Reached skill level 1 in Conjurations
  1213 | D:2      | Reached skill level 1 in Hexes
  1213 | D:2      | Reached skill level 1 in Charms
  1213 | D:2      | Reached skill level 1 in Summonings
  1213 | D:2      | Reached skill level 1 in Necromancy
  1213 | D:2      | Reached skill level 1 in Translocations
  1213 | D:2      | Reached skill level 1 in Transmutations
  1213 | D:2      | Reached skill level 1 in Fire Magic
  1213 | D:2      | Reached skill level 1 in Ice Magic
  1213 | D:2      | Reached skill level 1 in Air Magic
  1213 | D:2      | Reached skill level 1 in Earth Magic
  1213 | D:2      | Reached skill level 1 in Poison Magic
  1608 | D:3      | Found a blossoming altar of Fedhas.
  1664 | D:3      | Noticed Terence
  1689 | D:3      | Killed Terence
  1689 | D:3      | Reached XP level 5. HP: 42/51 MP: 5/7
  1733 | D:3      | Noticed Natasha
  1748 | D:3      | Killed Natasha
  2380 | D:3      | Reached XP level 6. HP: 53/57 MP: 8/8
  2394 | D:3      | Noticed Natasha
  2412 | D:3      | Killed Natasha
  2800 | D:4      | Reached XP level 7. HP: 42/63 MP: 10/10
  3559 | D:4      | Reached * piety under Ashenzari
  3716 | D:4      | Noticed Pikel
  4091 | D:4      | Killed Pikel
  4091 | D:4      | Reached XP level 8. HP: 40/71 MP: 10/12
  4317 | D:5      | Entered Level 5 of the Dungeon
  4449 | D:5      | Noticed Ijyb
  4454 | D:5      | Killed Ijyb
  4499 | D:5      | Noticed Grinder
  4530 | D:5      | Killed Grinder
  4989 | D:5      | Found a staircase to the Ecumenical Temple.
  5005 | Temple   | Entered the Ecumenical Temple
  5300 | D:5      | Found a sparkling altar of Nemelex Xobeh.
  5300 | D:5      | Found a snail-covered altar of Cheibriados.
  5473 | D:6      | Reached XP level 9. HP: 32/76 MP: 14/14
  6217 | D:7      | Noticed Joseph
  6497 | D:7      | Killed Joseph
  6629 | D:7      | Reached skill level 5 in Staves
  6629 | D:7      | Reached skill level 5 in Shields
  7438 | D:8      | Reached ** piety under Ashenzari
  7528 | D:8      | Noticed Erica
  7804 | D:8      | Reached skill level 5 in Invocations
  7857 | D:8      | Killed Erica
  7857 | D:8      | Reached XP level 10. HP: 50/85 MP: 15/17
  8038 | D:8      | Reached skill level 5 in Short Blades
  8038 | D:8      | Reached skill level 5 in Long Blades
  8038 | D:8      | Reached skill level 5 in Axes
  8038 | D:8      | Reached skill level 5 in Maces & Flails
  8038 | D:8      | Reached skill level 5 in Polearms
  8038 | D:8      | Reached skill level 5 in Slings
  8038 | D:8      | Reached skill level 5 in Bows
  8038 | D:8      | Reached skill level 5 in Crossbows
  8038 | D:8      | Reached skill level 5 in Throwing
  8038 | D:8      | Reached skill level 5 in Armour
  8038 | D:8      | Reached skill level 5 in Dodging
  8038 | D:8      | Reached skill level 5 in Unarmed Combat
  8038 | D:8      | Reached skill level 5 in Spellcasting
  8038 | D:8      | Reached skill level 5 in Evocations
  8601 | D:9      | Reached skill level 10 in Fighting
  8834 | D:9      | Found Usisoginki's Distillery.
  8856 | D:9      | Bought a potion of resistance for 170 gold pieces
  8856 | D:9      | Bought a potion of invisibility for 136 gold pieces
  8856 | D:9      | Bought a potion of curing for 51 gold pieces
  8856 | D:9      | Bought a potion of curing for 51 gold pieces
  9175 | D:10     | Entered Level 10 of the Dungeon
  9261 | D:10     | Noticed a gargoyle
  9278 | D:10     | Killed a gargoyle
  9472 | D:10     | Found a transporter.
  9475 | D:10     | Noticed a fire crab
  9477 | D:10     | Noticed an ogre mage
  9553 | D:10     | Killed an unseen horror
  9857 | D:10     | Reached XP level 11. HP: 91/91 MP: 19/19
  9905 | D:10     | Noticed a brown ugly thing
  9922 | D:10     | Found a transporter.
  9938 | D:10     | Noticed a two-headed ogre
  9966 | D:10     | Noticed a two-headed ogre
 10003 | D:10     | Killed a two-headed ogre
 10042 | D:10     | Found a staircase to the Lair.
 10616 | D:11     | Reached *** piety under Ashenzari
 10632 | D:11     | Found Gyittaeck's Armour Shop.
 10634 | D:11     | Found a staircase to the Orcish Mines.
 11200 | D:11     | Noticed a two-headed ogre
 11216 | D:11     | Killed a two-headed ogre
 11216 | D:11     | Reached skill level 5 in Conjurations
 11216 | D:11     | Reached skill level 5 in Hexes
 11216 | D:11     | Reached skill level 5 in Charms
 11216 | D:11     | Reached skill level 5 in Summonings
 11216 | D:11     | Reached skill level 5 in Necromancy
 11216 | D:11     | Reached skill level 5 in Translocations
 11216 | D:11     | Reached skill level 5 in Transmutations
 11216 | D:11     | Reached skill level 5 in Fire Magic
 11216 | D:11     | Reached skill level 5 in Ice Magic
 11216 | D:11     | Reached skill level 5 in Air Magic
 11216 | D:11     | Reached skill level 5 in Earth Magic
 11216 | D:11     | Reached skill level 5 in Poison Magic
 11460 | D:11     | Noticed a cyclops
 11508 | D:11     | Killed a cyclops
 11708 | D:11     | Noticed a manticore
 11720 | D:11     | Killed a manticore
 11720 | D:11     | Reached skill level 10 in Stealth
 11980 | D:11     | Noticed a cyclops
 11996 | D:11     | Killed a cyclops
 12030 | D:11     | Noticed an eight-headed hydra
 12614 | D:11     | Noticed a cyclops
 12682 | D:11     | Killed a cyclops
 12811 | D:11     | Found an ornate altar of the Wu Jian Council.
 12814 | D:11     | Noticed a six-headed hydra
 12835 | D:11     | Killed a one-headed hydra
 12922 | D:11     | Killed a one-headed hydra
 12982 | D:11     | Identified the +11 mace "Teonacol" {pain, Dex+4} (You found
                  | it on level 6 of the Dungeon)
 13021 | Lair:1   | Entered Level 1 of the Lair of Beasts
 13106 | Lair:1   | Reached XP level 12. HP: 45/99 MP: 22/22
 13289 | Lair:1   | Found a dark tunnel.
 13373 | Volcano  | Entered a volcano
 13405 | Volcano  | Noticed a two-headed ogre
 13468 | Volcano  | Killed a two-headed ogre
 13822 | Volcano  | HP: 6/148 [salamander/+3 glaive (20)]
 14361 | Lair:1   | Found a runed translucent door.
 14370 | Lair:1   | Noticed Voland's ghost (journeyman GrWz)
 14388 | Lair:1   | Noticed an eight-headed hydra
 14407 | Lair:1   | Killed a four-headed hydra
 14803 | Lair:1   | Noticed a seven-headed hydra
 15247 | Lair:1   | Reached **** piety under Ashenzari
 15468 | Lair:1   | Killed a one-headed hydra
 15551 | Lair:2   | Found a gate leading to a gauntlet.
 15560 | Gauntlet | Entered a Gauntlet
 15560 | Gauntlet | Found a transporter.
 15569 | Gauntlet | Found a transporter.
 15571 | Gauntlet | Found a transporter.
 15571 | Gauntlet | Found a transporter.
 15572 | Gauntlet | Identified the +5 falchion of Famine {venom, MR+}
 15574 | Gauntlet | Found a transporter.
 15575 | Gauntlet | Found a transporter.
 15583 | Gauntlet | Identified the ring "Roupuiq" {rElec rPois rN+ Str+4}
 15583 | Gauntlet | Found the cursed necklace of Bloodlust {*Rage +Rage MR++
                  | Int-3 Slay+6 *Curse}
 15583 | Gauntlet | Found a transporter.
 15584 | Gauntlet | Found a transporter.
 15585 | Gauntlet | Noticed a great orb of eyes
 15603 | Gauntlet | Found a transporter.
 15620 | Gauntlet | Found a transporter.
 15624 | Gauntlet | Found a transporter.
 15625 | Gauntlet | Identified the ring "Sakom" {rF+ rC+ Dex+4}
 15626 | Gauntlet | Found a runed translucent gate.
 15626 | Gauntlet | Found a runed translucent gate.
 15626 | Gauntlet | Found a runed translucent gate.
 15629 | Gauntlet | Noticed a dire elephant
 15632 | Gauntlet | Found a transporter.
 16227 | Gauntlet | Identified the ring of the Genius {rElec rPois}
 16227 | Gauntlet | Noticed a minotaur
 16254 | Gauntlet | Killed a minotaur
 16287 | Gauntlet | Identified the Disquisition on Boosts
 16290 | Gauntlet | Identified the Volume of Transmigration
 16437 | Lair:2   | Found an ancient bone altar of Kikubaaqudgha.
 17262 | Lair:3   | Reached XP level 13. HP: 99/106 MP: 21/24
 17412 | Lair:3   | Found a hole to the Spider Nest.
 17594 | Lair:3   | Reached ***** piety under Ashenzari
 17810 | Lair:4   | Found a staircase to the Swamp.
 19113 | Lair:5   | Found a staircase to the Slime Pits.
 19438 | Lair:5   | Found a runed translucent door.
 19549 | Lair:6   | Entered Level 6 of the Lair of Beasts
 19961 | Lair:6   | Reached XP level 14. HP: 92/114 MP: 21/26
 19975 | Lair:6   | Noticed Urug
 20427 | Lair:6   | Killed Urug
 20755 | Lair:6   | Found a shadowy altar of Dithmenos.
 21016 | Lair:5   | Noticed an entropy weaver
 21129 | Lair:5   | Killed an entropy weaver
 21215 | Lair:5   | Noticed an entropy weaver
 21223 | Lair:5   | Killed an entropy weaver
 21300 | Lair:5   | Noticed an entropy weaver
 21495 | Lair:5   | Reached skill level 10 in Invocations
 21497 | Lair:5   | Killed an entropy weaver
 21768 | Lair:5   | Paralysed by you for 2 turns
 22201 | Lair:6   | Noticed a dire elephant
 22233 | Lair:6   | HP: 4/115 [dire elephant (23)]
 22234 | Lair:6   | Killed a dire elephant
 22433 | Lair:6   | Noticed a dire elephant
 22462 | Lair:6   | Killed a dire elephant
 22554 | Lair:6   | Noticed a dire elephant
 22581 | Lair:6   | Killed a dire elephant
 22730 | Lair:6   | Noticed a dire elephant
 22730 | Lair:6   | Noticed a dire elephant
 22777 | Lair:6   | Killed a dire elephant
 22943 | Lair:6   | Killed a dire elephant
 22999 | Lair:6   | Identified the Papyrus of Dark Magic and Conjuration
 23003 | Lair:6   | Got the cursed broad axe "Guron" {flame, +Blink Int+4}
 23007 | Lair:6   | Identified the cursed +0 broad axe "Guron" {flame, +Blink
                  | Int+4} (You found it on level 6 of the Lair of Beasts)
 23360 | D:12     | Reached XP level 15. HP: 119/122 MP: 18/28
 23551 | D:12     | Reached skill level 10 in Staves
 23551 | D:12     | Reached skill level 10 in Shields
 23604 | D:12     | Learned a level 4 spell: Petrify
 24144 | D:13     | Found Xeczauwk's Weapon Shop.
 24434 | D:13     | Reached ****** piety under Ashenzari
 24461 | D:13     | Noticed Maurice
 24879 | D:13     | Killed Maurice
 24920 | D:13     | Found a gate to the Vaults.
 25278 | D:14     | Reached skill level 10 in Short Blades
 25278 | D:14     | Reached skill level 10 in Long Blades
 25278 | D:14     | Reached skill level 10 in Axes
 25278 | D:14     | Reached skill level 10 in Maces & Flails
 25278 | D:14     | Reached skill level 10 in Polearms
 25278 | D:14     | Reached skill level 10 in Slings
 25278 | D:14     | Reached skill level 10 in Bows
 25278 | D:14     | Reached skill level 10 in Crossbows
 25278 | D:14     | Reached skill level 10 in Throwing
 25278 | D:14     | Reached skill level 10 in Armour
 25278 | D:14     | Reached skill level 10 in Dodging
 25278 | D:14     | Reached skill level 10 in Unarmed Combat
 25278 | D:14     | Reached skill level 10 in Spellcasting
 25278 | D:14     | Reached skill level 10 in Evocations
 25873 | D:15     | Entered Level 15 of the Dungeon
 25977 | D:15     | Found a viscous altar of Jiyva.
 26000 | D:15     | Identified Roxanne's Papyrus of Moulding
 26000 | D:15     | Noticed Roxanne
 26009 | D:15     | Found a frozen archway.
 26037 | IceCv    | Entered an ice cave
 26322 | IceCv    | Noticed a frost giant
 26664 | IceCv    | Killed a frost giant
 26745 | IceCv    | Reached XP level 16. HP: 129/129 MP: 30/30
 27662 | D:15     | Found a stormy altar of Qazlal.
 27996 | D:15     | Found a staircase to the Depths.
 28196 | Orc:1    | Entered Level 1 of the Orcish Mines
 28318 | Orc:1    | Found Iwuigi's General Store.
 29607 | Orc:2    | Entered Level 2 of the Orcish Mines
 29934 | Orc:2    | Found a staircase to the Elven Halls.
 30485 | Orc:2    | Found a roughly hewn altar of Beogh.
 30541 | Orc:2    | Found Fevoisal's Antique Weapon Shop.
 30541 | Orc:2    | Found Ziagev's Assorted Antiques.
 30541 | Orc:2    | Found Lasipy's Antique Weapon Emporium.
 30541 | Orc:2    | Found Xofullie's Weapon Boutique.
 30550 | Orc:2    | Bought a scroll of remove curse for 99 gold pieces
 30550 | Orc:2    | Bought a potion of heal wounds for 165 gold pieces
 30550 | Orc:2    | Bought a potion of might for 132 gold pieces
 30550 | Orc:2    | Bought a potion of brilliance for 132 gold pieces
 30989 | Swamp:1  | Entered Level 1 of the Swamp
 31395 | Swamp:1  | HP: 3/131 [acid (6)]
 31426 | Swamp:1  | HP: 4/131 [vampire mosquito (4)]
 31443 | Swamp:1  | HP: 6/131 [vampire mosquito (5)]
 31777 | Swamp:1  | Identified the ring "Fuat" {rF+ rC+++ MR- MP+9 Dex+4}
 31777 | Swamp:1  | Noticed Louise
 31817 | Swamp:1  | Killed Louise
 32060 | Swamp:2  | Reached XP level 17. HP: 134/137 MP: 30/32
 32682 | Swamp:2  | Identified the +2 morningstar of Proximity {drain, rN+
                  | Str+4}
 33927 | Swamp:4  | Entered Level 4 of the Swamp
 34872 | Swamp:4  | Noticed a bone dragon
 35006 | Swamp:4  | Killed a bone dragon
 35027 | Swamp:4  | Got a decaying rune of Zot
 35620 | D:10     | Reached skill level 10 in Conjurations
 35620 | D:10     | Reached skill level 10 in Hexes
 35620 | D:10     | Reached skill level 10 in Charms
 35620 | D:10     | Reached skill level 10 in Summonings
 35620 | D:10     | Reached skill level 10 in Necromancy
 35620 | D:10     | Reached skill level 10 in Translocations
 35620 | D:10     | Reached skill level 10 in Transmutations
 35620 | D:10     | Reached skill level 10 in Fire Magic
 35620 | D:10     | Reached skill level 10 in Ice Magic
 35620 | D:10     | Reached skill level 10 in Air Magic
 35620 | D:10     | Reached skill level 10 in Earth Magic
 35620 | D:10     | Reached skill level 10 in Poison Magic
 35800 | Lair:1   | Killed Voland's ghost
 35871 | Spider:1 | Entered Level 1 of the Spider Nest
 35896 | Spider:1 | Got the uncursed pair of boots of Mepayro {Str+2 Int+3}
 35907 | Spider:1 | Identified the +0 pair of boots of Mepayro {Str+2 Int+3}
                  | (You found it on level 1 of the Spider Nest)
 35915 | Spider:1 | Learned a level 6 spell: Statue Form
 35963 | Spider:1 | Reached XP level 18. HP: 140/143 MP: 33/33
 36830 | Spider:2 | Noticed Donald
 36843 | Spider:2 | Killed Donald
 37247 | Spider:3 | Found a runed translucent door.
 37756 | Spider:3 | Learned a level 6 spell: Invisibility
 37987 | Spider:3 | Noticed Mara
 38006 | Spider:3 | Noticed Kagalorn's illusion
 38161 | Spider:3 | Noticed Kagalorn's illusion
 38202 | Spider:3 | HP: 2/144 [Mara/+6 demon blade of electrocution (13)]
 38209 | Spider:3 | Noticed Kagalorn's illusion
 38210 | Spider:3 | Killed from afar by Mara

Levels and vault maps discovered:
D:1:      dpeg_arrival_prison, layout_basic, minivault_19
D:2:      layout_loops_corners, ashenzari_conservatory_becter,
          chequers_ecumenical_altar_island, minmay_misc_feat_nine_boxes,
          minmay_misc_feat_rugged, serial_bayou_pond_e
D:3:      layout_basic, fedhas_altar_1, st_stairs_12, uniq_terence, uniq_natasha
D:4:      layout_basic, first_ration, uniq_pikel
D:5:      layout_basic, gammafunk_temple_overflow_elements,
          minmay_temple_entry_mini_moons, uniq_ijyb, uniq_grinder
D:6:      layout_basic
D:7:      layout_basic, uniq_joseph
D:8:      layout_cave_pools, hangedman_little_slice_of_home, uniq_erica
D:9:      layout_loops_ring, serial_shops, nicolae_shop_waterfront
D:10:     gammafunk_the_bubble [the_bubble_gammafunk_crates], layout_basic,
          lair_entry_dummy
D:11:     layout_loops_ring, orc_david_3, basic_altar
D:12:     layout_loops_ring, nicolae_two_hexagons
D:13:     layout_basic, grunt_vaults_entry_fortified, serial_shops, shop,
          uniq_maurice
D:14:     layout_rooms
D:15:     grunt_enter_depths_snipers, layout_grid_maze,
          portal_ice_cave_entry_pillars_1, basic_altar,
          hangedman_decor_riveting, jiyva_altar_1, uniq_roxanne
Temple:   regret_index_temple_mists
Lair:1:   layout_gridlike, ebering_ghost_inner_flame,
          nicolae_volcano_entry_lava_flow
Lair:2:   layout_gridlike, gauntlet_entry_generic, basic_altar,
          grunt_megastairs_4, serial_bayou_shore_a
Lair:3:   layout_misc_corridors, spider_nest_entry_rubble
Lair:4:   layout_gridlike, swamp_mist_pool, serial_bayou_shore_b
Lair:5:   gammafunk_mikee_crab_dinner, layout_gridlike, slime_dummy
Lair:6:   due_jungle_book, layout_loops_ring, basic_altar,
          chequers_serial_rivers_small_3, lemuel_fruit_tree, uniq_urug
Swamp:1:  layout_basic_swamp, evilmike_swamp_ruin_rubble_1, uniq_louise
Swamp:2:  layout_falls_marsh, nicolae_swamp_orc_logging_accident
Swamp:3:  layout_falls_marsh, evilmike_swamp_ruin_house_5
Swamp:4:  swamp_pestilence, layout_basic_swamp
Spider:1: layout_spider_delve
Spider:2: layout_spider_delve, uniq_donald
Spider:3: cheibrodos_spider_deadly_dance, uniq_mara
Orc:1:    giant_chief_lemuel, layout_diamond_mine, serial_shops, shop
Orc:2:    st_orc_ogre_mass, layout_caves, mines1_david

Skill      XL: |  1  2  3  4  5  6  7  8  9 10 11 12 13 14 15 16 17 18 |
---------------+-------------------------------------------------------+-----
Invocations    | 1 2 3 4 5 6 7 8 9 10 11 12 13 | 13.1
Short Blades   | 1 2 3 4 5 6 7 8 9 10 11 12 | 12.1
Long Blades    | 1 2 3 4 5 6 7 8 9 10 11 12 | 12.1
Axes           | 1 2 3 4 5 6 7 8 9 10 11 12 | 12.1
Maces & Flails | 1 2 3 4 5 6 7 8 9 10 11 12 | 12.1
Polearms       | 1 2 3 4 5 6 7 8 9 10 11 12 | 12.1
Slings         | 1 2 3 4 5 6 7 8 9 10 11 12 | 12.1
Bows           | 1 2 3 4 5 6 7 8 9 10 11 12 | 12.1
Crossbows      | 1 2 3 4 5 6 7 8 9 10 11 12 | 12.1
Throwing       | 1 2 3 4 5 6 7 8 9 10 11 12 | 12.1
Armour         | 1 2 3 4 5 6 7 8 9 10 11 12 | 12.1
Dodging        | 1 2 3 4 5 6 7 8 9 10 11 12 | 12.1
Unarmed Combat | 1 2 3 4 5 6 7 8 9 10 11 12 | 12.1
Spellcasting   | 1 2 3 4 5 6 7 8 9 10 11 12 | 12.1
Evocations     | 1 2 3 4 5 6 7 8 9 10 11 12 | 12.1
Conjurations   | 1 2 3 4 5 6 7 8 9 10 | 10.4
Hexes          | 1 2 3 4 5 6 7 8 9 10 | 10.4
Charms         | 1 2 3 4 5 6 7 8 9 10 | 10.4
Summonings     | 1 2 3 4 5 6 7 8 9 10 | 10.4
Necromancy     | 1 2 3 4 5 6 7 8 9 10 | 10.4
Translocations | 1 2 3 4 5 6 7 8 9 10 | 10.4
Transmutations | 1 2 3 4 5 6 7 8 9 10 | 10.4
Fire Magic     | 1 2 3 4 5 6 7 8 9 10 | 10.4
Ice Magic      | 1 2 3 4 5 6 7 8 9 10 | 10.4
Air Magic      | 1 2 3 4 5 6 7 8 9 10 | 10.4
Earth Magic    | 1 2 3 4 5 6 7 8 9 10 | 10.4
Poison Magic   | 1 2 3 4 5 6 7 8 9 10 | 10.4
Staves         | 3 4 5 6 7 8 9 10 11 12 | 12.4
Shields        | 3 4 5 6 7 8 9 10 11 12 | 12.4
Stealth        | 8 9 10 11 12 13 14 | 14.0
Fighting       | 9 10 11 12 13 14 | 14.3

Action                   |  1- 3 |  4- 6 |  7- 9 | 10-12 | 13-15 | 16-18 || total
-------------------------+-------+-------+-------+-------+-------+-------++-------
Melee: Quarterstaff      |    63 |   172 |   291 |       |       |       ||   526
       Bite              |     6 |    15 |    52 |   101 |   394 |   361 ||   929
       Morningstar       |       |       |    45 |    11 |       |       ||    56
       Scimitar          |       |       |       |   739 |  1820 |   287 ||  2846
       Broad axe         |       |       |       |       |       |  1733 ||  1733
 Fire: Hunting sling     |       |     4 |     5 |       |       |       ||     9
Throw: Dart              |       |       |       |    15 |       |       ||    15
       Boomerang         |       |       |       |       |     3 |       ||     3
Invok: Curse Item        |       |       |       |     5 |     1 |     2 ||     8
 Abil: Evoke Berserk Rag |       |       |     2 |     4 |       |       ||     6
Evoke: Wand              |       |       |       |     1 |     5 |     1 ||     7
  Use: Scroll            |       |     5 |     9 |    13 |     8 |     7 ||    42
       Potion            |       |       |     1 |     4 |     1 |     3 ||     9
 Stab: Sleeping          |    10 |    10 |    13 |       |     4 |     4 ||    41
       Held in net/web   |       |       |       |       |     1 |       ||     1
       Paralysed         |       |       |       |       |     6 |     4 ||    10
       Invisible         |       |       |       |       |       |     6 ||     6
  Eat: Chunk             |       |     4 |     5 |    24 |    19 |    18 ||    70
       Ration            |       |     1 |     4 |     5 |     4 |     7 ||    21
Armor: Robe              |    13 |     3 |       |       |       |       ||    16
       Scale mail        |       |    52 |   111 |     5 |       |       ||   168
       Plate armour      |       |       |       |   404 |   791 |   782 ||  1977
       Skin              |       |       |       |    17 |       |       ||    17
Dodge: Dodged            |    33 |    97 |   159 |   252 |   770 |   882 ||  2193
Block: Buckler           |       |       |     9 |   169 |       |       ||   178
       Shield            |       |       |       |    32 |  1206 |  1421 ||  2659
       Rpst.: Scimitar   |       |       |       |    60 |   169 |    31 ||   260
